 Dungeon Crawl Stone Soup version 0.29-a0-753-gb7bb9d756e (webtiles) character file.

Game seed: 11032945038603283291

4555 Nattfarinn the Fighter (level 10, -12/80 HPs)
             Began as a Djinni Necromancer on June 30, 2022.
             Was an Initiate of Ashenzari.
             Mangled by a two-headed ogre
             ... wielding a +0 giant spiked club
              (19 damage)
             ... on level 9 of the Dungeon.
             The game lasted 00:26:34 (11544 turns).

Nattfarinn the Fighter (Djinni Necromancer)        Turns: 11544, Time: 00:26:34

Health: -12/80     AC:  8    Str: 11    XL:     10   Next: 67%
Gold:   322        EV: 13    Int: 12    God:    Ashenzari [......] SH:  0 Dex: 21

rFire   + + .      SeeInvis +   h - +10 scimitar "Per Aspera Ad Scientiam" {elec, *Rage +Blink rN+++ Int-4 SInv, Evo, Fort} (curse)
rCold   x . .      Faith    +   (no shield)
rNeg    + + +      Spirit   .   a - +0 robe
rPois   ∞          Reflect  .   (no helmet)
rElec   .          Harm     .   s - +0 cloak
rCorr   .          Rampage  .   (no gloves)
Will    +....      Rage     20% (boots unavailable)
Stlth   +++.......              q - amulet of faith
HPRegen 0.23/turn               k - +4 ring of protection
MPRegen 0.00/turn               r - +6 ring of dexterity

@: on berserk cooldown, flying, slowed, very slow
A: sickness immunity, fire resistance 2, cold vulnerability 1, float, innate
caster, HP casting, extra vitality 1
a: Renounce Religion, Evoke Blink, Curse Item, Shatter the Chains


You were on level 9 of the Dungeon.
You worshipped Ashenzari.
Ashenzari was noncommittal.
You visited 2 branches of the dungeon, and saw 10 of its levels.

You collected 322 gold pieces.

Inventory:

Hand Weapons
 d - a +0 mace of protection
 h - the cursed +10 scimitar "Per Aspera Ad Scientiam" (weapon) {elec, *Rage +Blink rN+++ Int-4 SInv, Evo, Fort}
   (You acquired it on level 4 of the Dungeon)

   It occasionally discharges a powerful burst of electricity upon striking a
   foe.
   Int:       It affects your intelligence (-4).
   rN:        It renders you almost immune to negative energy.
   SInv:      It lets you see invisible.
   +Blink:    It lets you blink.
   *Rage:     It berserks you when you make melee attacks (+20% chance).
   It has a curse which improves the following skills: Evocations: Evocations.
   Fortitude: Armour and Shields.
 y - a +2 trident of venom
Armour
 a - a +0 robe (worn)
 s - a +0 cloak (worn)
 H - +0 steam dragon scales
Jewellery
 b - a ring of protection from fire
 k - a +4 ring of protection (left hand)
 q - an amulet of faith (around neck)
 r - a +6 ring of dexterity (right hand)
Scrolls
 e - 2 scrolls of immolation
 f - a scroll of blinking
 g - a scroll of fear
 i - 2 scrolls of amnesia
 j - 2 scrolls of teleportation
 m - 2 scrolls of vulnerability {unknown}
 o - 3 scrolls of fog
 u - a scroll of summoning {unknown}
 v - a scroll of enchant weapon {unknown}
 B - a scroll of magic mapping {unknown}
 C - a scroll of brand weapon {unknown}
 E - a scroll of torment {unknown}
 I - 2 scrolls of identify
Potions
 c - 3 potions of heal wounds
 l - 5 potions of berserk rage
 n - a potion of magic {unknown}
 p - 3 potions of curing {unknown}
 t - 2 potions of brilliance {unknown}
 w - a potion of invisibility {unknown}
 x - 2 potions of flight {unknown}
 z - a potion of degeneration {unknown}
 A - a potion of might {unknown}
 D - a potion of resistance {unknown}
 F - a potion of lignification {unknown}
 G - a potion of ambrosia {unknown}
 J - a potion of attraction {unknown}


   Skills:
 - Level 10.1 Fighting
 * Level 7.7(8.1) Armour
 - Level 2.1 Dodging
 - Level 3.0 Stealth
 - Level 6.4 Spellcasting


You couldn't memorise any spells.
You knew the following spells:

 Your Spells              Type           Power      Damage    Failure   Level
a - Necrotize             Necr           76%        1d7       1%          1
b - Vampiric Draining     Necr           19%        2d7       3%          3
c - Animate Dead          Necr           19%        N/A       12%         4
d - Agony                 Necr           19%        N/A       34%         5
e - Sting                 Tmut/Pois      76%        1d6       1%          1
f - Blink                 Tloc           38%        N/A       1%          2
g - Conjure Flame         Conj/Fire      19%        6-21      3%          3
h - Call Canine Familiar  Summ           19%        N/A       3%          3
Your spell library was empty.

Dungeon Overview and Level Annotations

Branches:
Dungeon (9/15)             Temple (1/1) D:5
   Lair: D:8-11         Orc: D:9-12

Altars:
Ashenzari
Cheibriados
Dithmenos
Elyvilon
Fedhas
Gozag
Hepliaklqana
Kikubaaqudgha
Makhleb
Nemelex Xobeh
Okawaru
Qazlal
Ru
Sif Muna
Trog
Uskayaw
Vehumet
Wu Jian
Xom
Yredelemnul
Zin
The Shining One

Annotations:
D:8 3 runed translucent doors, gabibbone's ghost, novice HOMo
D:9 1 transporter


Innate Abilities, Weirdness & Mutations

You are immune to sickness and miasma.
You are immune to poison.
Your flesh is very heat resistant. (rF++)
You are vulnerable to cold. (rC-)
You float through the air rather than walking.
You learn spells naturally, not from books.
Your magical power is your life essence.
You have superior vitality. (+4 MHP)


Message History

Confirm with . or Enter, or press ? or * to list all spells.
The two-headed ogre looks more healthy.
You slash the two-headed ogre!
The two-headed ogre is moderately wounded.
Your hound completely misses the two-headed ogre.
The two-headed ogre hits you with a +0 giant spiked club!
The two-headed ogre barely misses you. The kobold closely misses your hound.
Your hound bites the two-headed ogre but does no damage.
The kobold hits your hound with a +0 dagger.
Your hound completely misses the two-headed ogre.
You hit the two-headed ogre.
The two-headed ogre is moderately wounded.
Your hound bites the two-headed ogre but does no damage.
The two-headed ogre closely misses you. x2
The kobold hits your hound but does no damage.
Your hound bites the kobold.
The two-headed ogre hits you with a +0 giant spiked club!
The two-headed ogre barely misses you.
The kobold hits your hound with a +0 dagger.
Your hound bites the kobold.
The kobold dies!
You slice the two-headed ogre!!
The two-headed ogre is severely wounded.
Your hound barely misses the two-headed ogre.
Your hound bites the two-headed ogre but does no damage.
The two-headed ogre hits you with a +0 giant spiked club!!
The two-headed ogre hits you with a +0 giant club!!
* * * LOW HITPOINT WARNING * * *
Your hound barely misses the two-headed ogre.
You slash the two-headed ogre!
The two-headed ogre is almost dead.
Your hound bites the two-headed ogre but does no damage.
The two-headed ogre closely misses you. x2
The kobold brigand hits your hound with a +0 whip!
Your hound completely misses the two-headed ogre.
The kobold brigand hits your hound with a +0 whip!
Your hound dies!
Your hound's corpse disappears in a puff of smoke!
The two-headed ogre hits you with a +0 giant spiked club!!
You die...

# .. .... #...# K..
#.#.####..
#..........
#.#.#.....##
#.#.#.##... ######
#.#.#..#K#
.....######.#.#.@O§+
####.##...#.#.#.##+##
####.##......)).....#
..............).#####
##............###
....#######.#.#
###.#########.#
#.........^.#
#############


You could see a two-headed ogre and a kobold brigand.

Vanquished Creatures
  A two-headed ogre (D:9)
  Grum (D:9)
  A vampire mosquito (D:9)
  A steam dragon (D:8)
  4 water moccasins
  2 sky beasts
  A black bear (D:6)
  2 ogres (D:5)
  2 wolves
  6 centaurs
  A kobold brigand (D:8)
  4 bullfrogs
  A gnoll sergeant (D:6)
  A wyvern zombie (D:7)
  2 scorpions
  2 necrophages
  6 killer bees (D:9)
  A jelly (D:6)
  4 hounds
  5 orc priests
  An iguana (D:7)
  6 orc wizards
  5 gnolls (D:6)
  9 adders
  A white imp (D:5)
  3 ufetubi
  3 dart slugs
  26 orcs
  10 endoplasms
  2 giant cockroaches
  6 goblins
  5 hobgoblins
  2 jackals (D:4)
  6 quokkas
  9 ball pythons
  8 bats
  4 frilled lizards
  6 kobolds
  5 rats
165 creatures vanquished.

Vanquished Creatures (collateral kills)
  A vampire mosquito (D:9)
  An orc warrior (D:7)
  A wolf (D:8)
  A centaur zombie (D:7)
  An orc wizard (D:7)
  6 orcs
  A frilled lizard (D:1)
  A kobold (D:9)
13 creatures vanquished.

Grand Total: 178 creatures vanquished

Notes
Turn   | Place    | Note
-------+----------+-------------------------------------------
     0 | D:1      | Nattfarinn the Djinni Necromancer began the quest for the
                  | Orb.
     0 | D:1      | Nattfarinn set off with the following spells memorised:
                  | Necrotize, Vampiric Draining, Animate Dead, Agony.
     0 | D:1      | Reached XP level 1. HP: 15/15 MP: 0/0
   268 | D:1      | Reached skill level 1 in Fighting
   271 | D:1      | Reached XP level 2. HP: 11/22 MP: 0/0
   916 | D:1      | Found a faded altar of an unknown god.
  1248 | D:2      | Reached XP level 3. HP: 22/28 MP: 0/0
  1248 | D:2      | Learned a level 1 spell: Sting
  1388 | D:2      | Reached skill level 2 in Fighting
  1733 | D:2      | Reached XP level 4. HP: 32/34 MP: 0/0
  2261 | D:2      | Reached skill level 3 in Fighting
  2641 | D:3      | Found a snail-covered altar of Cheibriados.
  3364 | D:3      | Reached XP level 5. HP: 38/40 MP: 0/0
  3364 | D:3      | Learned a level 2 spell: Blink
  4241 | D:4      | Reached skill level 4 in Fighting
  4336 | D:4      | Reached XP level 6. HP: 45/48 MP: 0/0
  4354 | D:4      | Noticed a water moccasin
  4365 | D:4      | Killed a water moccasin
  4366 | D:4      | Reached skill level 5 in Fighting
  5128 | D:5      | Entered Level 5 of the Dungeon
  5128 | D:5      | Found an ornate altar of the Wu Jian Council.
  5193 | D:5      | Noticed an ogre
  5207 | D:5      | Killed an ogre
  5208 | D:5      | Reached XP level 7. HP: 13/54 MP: 0/0
  5208 | D:5      | Learned a level 3 spell: Conjure Flame
  5611 | D:5      | Reached skill level 6 in Fighting
  5834 | D:5      | Found a staircase to the Ecumenical Temple.
  5844 | Temple   | Entered the Ecumenical Temple
  6258 | D:6      | Reached XP level 8. HP: 45/62 MP: 0/0
  6408 | D:6      | Reached skill level 7 in Fighting
  6408 | D:6      | Reached skill level 5 in Spellcasting
  7309 | D:6      | Reached skill level 8 in Fighting
  7417 | D:7      | Found a shimmering altar of Xom.
  7627 | D:7      | Reached XP level 9. HP: 65/71 MP: 0/0
  7627 | D:7      | Learned a level 3 spell: Call Canine Familiar
  7736 | D:7      | Reached skill level 9 in Fighting
  8083 | D:7      | Found a broken altar of Ashenzari.
  8083 | D:7      | Found a sparkling altar of Nemelex Xobeh.
  8083 | D:7      | Found an opulent altar of Gozag.
  8121 | D:7      | Became a worshipper of Ashenzari the Shackled
  8532 | D:7      | Found a basalt altar of Yredelemnul.
  8896 | D:6      | Reached skill level 10 in Fighting
  9547 | D:4      | Identified a scroll of acquirement
  9548 | D:4      | Acquired the +10 scimitar "Qix Routa" {elec, *Rage +Blink
                  | rN+++ Int-4 SInv}
  9711 | D:8      | Reached skill level 1 in Armour
 10031 | D:8      | Found a runed translucent gate.
 10031 | D:8      | Found a runed translucent gate.
 10034 | D:8      | Found a runed translucent gate.
 10035 | D:8      | Noticed gabibbone's ghost (novice HOMo)
 10176 | D:8      | Reached XP level 10. HP: 79/80 MP: 0/0
 10344 | D:9      | Noticed Grum
 10683 | D:9      | Killed Grum
 10753 | D:9      | Found a transporter.
 10796 | D:9      | Reached skill level 5 in Armour
 11363 | D:9      | Noticed a two-headed ogre
 11372 | D:9      | Killed a two-headed ogre
 11532 | D:9      | Found a sacrificial altar of Ru.
 11534 | D:9      | Noticed a two-headed ogre
 11544 | D:9      | Mangled by a two-headed ogre

Illustrated notes

Levels and vault maps discovered:
D:1:      dpeg_arrival_leaves_temple_mockup, layout_basic,
          shapermc_ecumenical_altar_notcrosses, lemuel_old_faithful
D:2:      layout_loops_ring
D:3:      layout_basic, nicolae_overflow_crystal_walls
D:4:      layout_basic, serial_bayou_pond_d
D:5:      layout_gridville, mainiacjoe_overflow_tiny_flanked,
          minmay_temple_entry_sparse_star
D:6:      layout_basic, ebering_dispersal_statue_hall
D:7:      layout_loops_ring, gammafunk_temple_overflow_claw,
          kennysheep_mini_moat, lemuel_zombie_altar_yredelemnul
D:8:      layout_basic, gammafunk_ghost_spectres, corexii_leaking_fountain
D:9:      layout_loops_ring, kennysheep_mini, serial_shops, shop,
          nicolae_diode_basic, uniq_grum
Temple:   eino_narrow_crystal_temple

Skill      XL: |  1  2  3  4  5  6  7  8  9 10 |
---------------+-------------------------------+-----
Fighting       | 1 2 3 4 5 6 8 10 | 10.1
Spellcasting   | 4 5 6 |  6.4
Armour         | 2 7 |  7.7
Stealth        | 2 3 |  3.0
Dodging        | |  2.1

Action                   |  1- 3 |  4- 6 |  7- 9 | 10-12 || total
-------------------------+-------+-------+-------+-------++-------
Melee: Mace              |     1 |     4 |    16 |       ||    21
       Trident           |       |       |    59 |       ||    59
       Scimitar          |       |       |    16 |    46 ||    62
 Cast: Necrotize         |    64 |    63 |    21 |    17 ||   165
       Vampiric Draining |       |    35 |    87 |     6 ||   128
       Sting             |       |    12 |    13 |     3 ||    28
       Conjure Flame     |       |       |     8 |     1 ||     9
       Call Canine Famil |       |       |     6 |     7 ||    13
Invok: Curse Item        |       |       |     1 |       ||     1
  Use: Scroll            |       |       |    10 |     1 ||    11
       Potion            |       |       |       |     3 ||     3
 Stab: Sleeping          |       |       |     3 |     2 ||     5
       Distracted        |       |       |     1 |       ||     1
Armor: Robe              |     5 |    13 |    59 |    24 ||   101
Dodge: Dodged            |    20 |    46 |   146 |    62 ||   274

Table legend: (Time is in decaauts)
 A = Elapsed time spent in this place.
 B = Non-inter-level travel time spent in this place.
 C = Inter-level travel time spent in this place.
 D = Time resting spent in this place.
 E = Time spent auto-exploring this place.
 F = Levels seen in this place.
 G = Mean time per level.
                   A        B        C        D        E       F      G
               +--------+--------+--------+--------+--------+-----+--------+
         Total |  11703 |  11191 |    512 |   2314 |   7291 |  10 | 1170.3 |
       Dungeon |  11508 |  11020 |    488 |   2314 |   7126 |   9 | 1278.7 |
        Temple |    194 |    171 |     23 |      0 |    165 |   1 |  194.0 |
               +--------+--------+--------+--------+--------+-----+--------+

Top non-repeatable levels by time:
     D:2: 1638 daAuts
     D:7: 1584 daAuts
     D:6: 1414 daAuts
     D:3: 1405 daAuts
     D:5: 1265 daAuts
     D:1: 1238 daAuts
     D:4: 1168 daAuts
     D:9: 945 daAuts
     D:8: 850 daAuts
  Temple: 194 daAuts
